 Dungeon Crawl Stone Soup version 0.31.0-11-ge490571c62 (webtiles) character file.

Game seed: 10780270672969772651

72 qw the Shooter (level 4, 0/25 HPs)
             Began as a Deep Elf Hunter on Feb 5, 2024.
             Succumbed to their own poison gas
             ... on level 2 of the Dungeon.
             The game lasted 00:00:05 (1481 turns).

qw the Shooter (Deep Elf Hunter)                    Turns: 1481, Time: 00:00:05

Health: 0/25       AC:  7    Str: 10    XL:     4   Next: 7%
Magic:  6/6        EV: 11    Int: 14    God:
Gold:   88         SH:  0    Dex: 18    Spells: 3/3 levels left

rFire   . . .        a - +0 shortbow
rCold   . . .        (shield currently unavailable)
rNeg    . . .        e - +1 ring mail
rPois   .            (no helmet)
rElec   .            (no cloak)
rCorr   .            (no gloves)
SInv    .            f - +0 pair of boots
Will    .....        (no amulet)
Stlth   +            (no ring)
HPRegen 0.24/turn    (no ring)
MPRegen 0.10/turn

%: no passive effects
@: lethally poisoned (0 -> -5)
A: no striking features
a: no special abilities


You were on level 2 of the Dungeon.
You visited 1 branch of the dungeon, and saw 2 of its levels.

You collected 88 gold pieces.


   Skills:
 - Level 1.5 Fighting
 + Level 7.5 Ranged Weapons
 - Level 2.4 Dodging
 - Level 1.2 Stealth


You had 3 spell levels left.
You didn't know any spells.
Your spell library was empty.

Inventory:

Hand Weapons
 a - a +0 shortbow (weapon)
Armour
 e - a +1 ring mail (worn)
 f - a +0 pair of boots (worn)
Potions
 b - a potion of curing {unknown}
 c - a potion of ambrosia {unknown}
 d - a potion of might {unknown}

Dungeon Overview and Level Annotations

Branches:
Dungeon (2/15)

Altars:


Message History

Enter note: You shoot an arrow.
The arrow hits the dart slug!
The dart slug is almost dead.
You shoot an arrow. The arrow hits the dart slug!
You kill the dart slug!
You see here a dart slug corpse.
Done exploring.
Done exploring.
1469 ||| UPGRADING to +0 pair of boots.
You start putting on your armour.
You continue putting on your +0 pair of boots. x4
You finish putting on your +0 pair of boots.
Done exploring.
1474 ||| READING scroll labelled GUIQIA RIKILEL.
The air fills with toxic fumes!
As you read the scroll labelled GUIQIA RIKILEL, it crumbles to dust.
It was a scroll of poison.
Done exploring.
What level of the Dungeon? (default 2, ? - help) Sorry, I don't know how to get there.
Enter note:
Enter note:
Enter note:
Enter note:
Enter note:
Enter note: You are engulfed in poison gas.
You are poisoned.
You feel very sick.
1476 ||| Stepping ~*~*~tactically~*~*~ (cloud).
You feel very sick.
There is a lethal amount of poison in your body!
You feel very sick.
There is a lethal amount of poison in your body!
You feel sick.
There is a lethal amount of poison in your body!
You feel sick.
There is a lethal amount of poison in your body!
You feel sick.
There is a lethal amount of poison in your body!
You die...

####### ######
#...... .....#
##############.#####
..##.##
#%.............#
#.#...##
#¤#######..#########
.......#######¤###
#...........
#.#............¤¤#
#..########.
...#...........#@#
#..# #.
#..###..########0#
#..# #. ...[......#
#0#####..# #.
........#.#
#0¤>..#..# #.
....<#.##.#
#####.#..# #.
#.#.#..##.#
###........#### ##
##.###.##.#
#..>..........# #.##
##.#.#
#.#.###%#####.# .##
##..# #.#.# #.# #.#


There were no monsters in sight!

Vanquished Creatures
  3 gnolls (D:2)
  3 dart slugs
  An orc (D:2)
  7 bats
  2 endoplasms (D:1)
  3 giant cockroaches
  4 goblins
  A hobgoblin (D:2)
  3 jackals (D:2)
  2 quokkas (D:2)
  2 ball pythons
  2 frilled lizards (D:1)
  A kobold (D:1)
  3 rats
37 creatures vanquished.

Notes
Turn   | Place    | Note
-------+----------+-------------------------------------------
     0 | D:1      | qw the Deep Elf Hunter began the quest for the Orb.
     0 | D:1      | Reached XP level 1. HP: 12/12 MP: 3/3
     0 | D:1      | 0 ||| qw: Version: 0.3-a-160-g6735b56
     0 | D:1      | 0 ||| qw: Game counter: 6123
     0 | D:1      | 0 ||| qw: Melee chars always use a shield: true
     0 | D:1      | 0 ||| qw: God list: Okawaru
     0 | D:1      | 0 ||| qw: Allow faded altars: false
     0 | D:1      | 0 ||| qw: Do Orc after clearing Dungeon:15 true
     0 | D:1      | 0 ||| qw: Do second Lair branch before Depths: true
     0 | D:1      | 0 ||| qw: Lair rune preference: random
     0 | D:1      | 0 ||| qw: Goals: Normal
     0 | D:1      | 0 ||| PLANNING D:1-11
   404 | D:1      | Reached XP level 2. HP: 16/16 MP: 4/4
   419 | D:1      | Reached skill level 6 in Ranged Weapons
   757 | D:1      | 757 ||| UPGRADING to +0 ring mail.
   767 | D:1      | 767 ||| DROPPING +0 leather armour.
   768 | D:1      | 768 ||| READING scroll labelled QATEWK TIOZI.
   768 | D:1      | 768 ||| ENCHANTING +0 ring mail.
   769 | D:1      | 769 ||| DROPPING scroll of butterflies.
   925 | D:2      | Reached XP level 3. HP: 20/20 MP: 5/5
  1107 | D:2      | Reached skill level 7 in Ranged Weapons
  1117 | D:2      | Reached XP level 4. HP: 21/25 MP: 6/6
  1469 | D:2      | 1469 ||| UPGRADING to +0 pair of boots.
  1474 | D:2      | 1474 ||| READING scroll labelled GUIQIA RIKILEL.
  1476 | D:2      | 1476 ||| Stepping ~*~*~tactically~*~*~ (cloud).
  1477 | D:2      | HP: 6/25 [poisoned by you (poison gas)]
  1479 | D:2      | HP: 2/25 [poisoned by you (poison gas)]
  1481 | D:2      | Succumbed to their own poison gas

Levels and vault maps discovered:
D:1:      mainiacjoe_arrival_reflecting_pool, layout_basic
D:2:      layout_loops_ring

Skill      XL: |  1  2  3 |
---------------+----------+-----
Ranged Weapons | 6 7 |  7.5
Fighting       | |  1.5
Dodging        | |  2.4
Stealth        | |  1.2

Action                     |  1- 3 |  4- 6 || total
---------------------------+-------+-------++-------
   Fire: Shortbow          |   111 |     9 ||   120
    Use: Scroll            |     1 |     1 ||     2
 Armour: Leather armour    |    10 |       ||    10
         Ring mail         |    23 |       ||    23
  Dodge: Dodged            |    33 |     1 ||    34

Table legend:
 A = Non-vault XP
 B = Vault XP
 C = Vault XP percentage of total XP
 D = Non-vault monster count
 E = Vault monster count
 F = Vault count percentage of total count
                 A         B        C        D         E       F
            +---------+---------+-------+---------+---------+-------
      Total |     104 |       0 |   0.0 |      37 |       0 |   0.0
            +---------+---------+-------+---------+---------+-------
        D:1 |      29 |       0 |   0.0 |      18 |       0 |   0.0
        D:2 |      75 |       0 |   0.0 |      19 |       0 |   0.0
            +---------+---------+-------+---------+---------+-------
